 Dungeon Crawl Stone Soup version 0.21.1-1-g345015fe64 (webtiles) character file.

79 Gargoyl the Skirmisher (level 4, -1/57 HPs)
             Began as a Centaur Abyssal Knight on Apr 17, 2018.
             Was a Believer of Lugonu.
             Slain by an orc priest
             ... wielding a +2 whip of flaming
              (4 damage)
             ... on level 2 of the Dungeon.
             The game lasted 00:03:11 (1786 turns).

Gargoyl the Skirmisher (Centaur Abyssal Knight)     Turns: 1786, Time: 00:03:13

Health: -1/57      AC: 22    Str: 14    XL:     4   Next: 16%
Magic:  6/6        EV:  1    Int: 11    God:    Lugonu [**....]
Gold:   118        SH:  5    Dex: 10    Spells: 3/3 levels left

rFire    . . .     SeeInvis .   a - +1 hand axe
rCold    . . .     Gourm    .   (no shield)
rNeg     + + +     Faith    .   (armour currently unavailable)
rPois    +         Spirit   .   (helmet currently unavailable)
rElec    .         Reflect  +   (cloak currently unavailable)
rCorr    +         Harm     .   (gloves currently unavailable)
MR       .....     NoTele   +   (no barding)
Stlth    +.........             j - +5 amulet of reflection
HPRegen  0.19/turn              (no ring)
MPRegen  0.10/turn              f - ring of resist corrosion

@: tree-form
A: large
a: Depart the Abyss, Bend Space, Renounce Religion


You were on level 2 of the Dungeon.
You worshipped Lugonu.
Lugonu was pleased with you.
You were not hungry.
You were a tree.
You visited 1 branch of the dungeon, and saw 2 of its levels.
You visited the Abyss 1 time.

You collected 118 gold pieces.

Inventory:

Hand Weapons
 a - a +1 hand axe (weapon)
Armour
 d - a +2 centaur barding of cold resistance (melded)
 e - a +0 pair of gloves (melded)
 l - a +0 chain mail (melded)
Jewellery
 f - a ring of resist corrosion (right branch)
 j - a +5 amulet of reflection (around neck)
Scrolls
 g - a scroll of enchant armour {unknown}
 h - a scroll of remove curse
Potions
 b - a potion of brilliance {unknown}
 i - a potion of lignification
 k - a potion of heal wounds {unknown}
Comestibles
 c - 5 rations


   Skills:
 + Level 3.4 Fighting
 + Level 2.6 Axes
 * Level 2.1 Armour
 + Level 0.9 Dodging
 * Level 2.6 Invocations


You had 3 spell levels left.
You didn't know any spells.

Dungeon Overview and Level Annotations

Branches:
Dungeon (2/15)

Altars:
Dithmenos


Innate Abilities, Weirdness & Mutations

((You have hooves in place of feet.))
((Armour fits poorly on your strangely shaped body.))
((You cover ground very quickly.))
((You have extremely tough skin. (AC +3)))


Message History

The orc priest mumbles some strange prayers to Beogh against you.
Pain shoots through your body!
Unknown command.
You hit the orc priest.
You kick the orc priest, but do no damage.
The orc priest is severely wounded.
The orc priest mumbles some strange prayers to Beogh against you.
Beogh smites you!
* * * LOW HITPOINT WARNING * * *
The orc priest hits you but does no damage.
You hit the orc priest.
The orc priest is almost dead.
You block the orc priest's attack.
It was a potion of lignification.
You turn into a tree.
Your +0 pair of gloves melds into your body.
Your +2 centaur barding of cold resistance melds into your body.
Your +0 chain mail melds into your body.
You feel less resistant to cold.
Your roots penetrate the ground.
The orc priest hits you with a whip of flaming.
You die...

#####.#######.########
..............#
######......#.# ..
#......#.# #.
#......#(# #.
#......#.# #.
##.....#.#
#.####..####.#
#...♣oo....#.#
#######..#.# ##.# #
#.# #.# #o# #.# #.#


You could see 2 orc priests.

Vanquished Creatures
  2 adders (D:2)
  3 dart slugs
  3 leopard geckos
  An orc (D:2)
  A ball python (D:1)
  7 bats
  2 giant cockroaches
  7 goblins
  4 hobgoblins (D:1)
  3 jackals (D:2)
  3 kobolds
  2 quokkas (D:2)
  3 frilled lizards
  5 rats
46 creatures vanquished.

Notes
Turn   | Place    | Note
-------+----------+-------------------------------------------
     0 | Abyss:1  | Gargoyl the Centaur Abyssal Knight began the quest for the Orb.
     0 | Abyss:1  | Reached XP level 1. HP: 19/19 MP: 2/2
    70 | Abyss:2  | Noticed a small abomination
    96 | Abyss:2  | Noticed an ancient zyme
   104 | Abyss:2  | Identified a scroll of acquirement
   106 | D:1      | Escaped the Abyss
   275 | D:1      | Reached * piety under Lugonu
   412 | D:1      | Reached XP level 2. HP: 26/26 MP: 3/3
   915 | D:1      | Reached XP level 3. HP: 31/31 MP: 4/4
  1359 | D:2      | Found a shadowy altar of Dithmenos.
  1580 | D:2      | Reached ** piety under Lugonu
  1641 | D:2      | Reached XP level 4. HP: 29/38 MP: 5/5
  1786 | D:2      | Slain by an orc priest

Skill      XL: |  1  2  3 |
---------------+----------+-----
Axes           | 2 |  2.6
Armour         | 2 |  2.1
Fighting       | |  3.4
Dodging        | |  0.9
Invocations    | |  2.6

Action                   |  1- 3 |  4- 6 || total
-------------------------+-------+-------++-------
Melee: Hand axe          |    97 |    24 ||   121
       Kick              |    12 |     6 ||    18
Invok: Depart the Abyss  |     1 |       ||     1
  Use: Scroll            |     4 |       ||     4
       Potion            |       |     1 ||     1
  Eat: Chunk             |     1 |     1 ||     2
Armor: Leather armour    |    29 |       ||    29
       Chain mail        |    65 |    10 ||    75
Dodge: Dodged            |    27 |       ||    27
Block: Other             |     9 |     8 ||    17
